 Dungeon Crawl Stone Soup version 0.22-b1-26-g9dbaab1 (webtiles) character file.

5077 teukkam the Fighter (level 10, -3/90 HPs)
             Began as a Minotaur Berserker on Aug 8, 2018.
             Was a High Priest of Trog.
             Slain by a troll (12 damage)
             ... on level 11 of the Dungeon.
             The game lasted 00:27:47 (7448 turns).

teukkam the Fighter (Minotaur Berserker)            Turns: 7448, Time: 00:27:49

Health: -3/90      AC: 16    Str: 30    XL:     10   Next: 31%
Magic:  9/9        EV: 12    Int:  4    God:    Trog [*****.]
Gold:   520        SH:  0    Dex: 10    Spells: 9/9 levels left

rFire    + . .     SeeInvis +   a - +0 battleaxe
rCold    + + .     Gourm    .   (shield currently unavailable)
rNeg     . . .     Faith    .   N - +0 chain mail
rPois    +         Spirit   .   (helmet restricted)
rElec    +         Reflect  .   e - +2 cloak
rCorr    +         Harm     +   y - +1 pair of gloves
MR       .....                  (no boots)
Stlth    ..........             L - amulet of harm
HPRegen  0.25/turn              t - ring of see invisible
MPRegen  0.11/turn              F - ring of protection from cold

@: mighty, resistant, berserk cooldown, fainting, slowed, very slow
A: retaliatory headbutt, horns 2
a: Berserk, Trog's Hand, Brothers in Arms, Renounce Religion


You were on level 11 of the Dungeon.
You worshipped Trog.
Trog was extremely pleased with you.
You were fainting.

You visited 1 branch of the dungeon, and saw 11 of its levels.

You collected 520 gold pieces.

Inventory:

Hand Weapons
 a - a +0 battleaxe (weapon)
 b - a +0 shortbow
 d - a +0 morningstar
 M - a +1 hunting sling of velocity
Missiles
 m - 6 javelins (quivered)
 p - 15 poisoned needles
 v - 9 tomahawks
 z - 153 arrows
Armour
 e - a +2 cloak (worn)
 y - a +1 pair of gloves (worn)
 N - a +0 chain mail (worn)
Jewellery
 t - a ring of see invisible (left hand)
 F - a ring of protection from cold (right hand)
 J - an uncursed ring of resist corrosion
 L - an amulet of harm (around neck)
Wands
 r - a wand of digging (43)
 G - a wand of iceblast (11)
 O - a wand of polymorph (18)
Scrolls
 f - a scroll of fear
 g - a scroll of enchant armour
 h - 3 scrolls of remove curse
 k - 6 scrolls of identify
 n - a scroll of amnesia
 o - a scroll of random uselessness
 q - 3 scrolls of teleportation
 w - a scroll of noise {unknown}
 B - 2 scrolls of blinking {unknown}
 C - a scroll of immolation {unknown}
 D - a scroll of magic mapping {unknown}
 E - 2 scrolls of fog {unknown}
 I - a scroll of holy word {unknown}
Potions
 i - a potion of haste
 j - a potion of magic
 l - 2 potions of lignification {unknown}
 s - a potion of cancellation {unknown}
 u - 2 potions of curing {unknown}
 x - 3 potions of resistance
 H - a potion of degeneration {unknown}
 K - a potion of brilliance {unknown}
Comestibles
 c - 9 rations


   Skills:
 + Level 8.8 Fighting
 + Level 8.8 Axes
 + Level 5.9 Bows
 - Level 4.8 Throwing
 + Level 8.4 Armour
 + Level 7.6 Dodging


You had 9 spell levels left.
You didn't know any spells.
Your spell library was empty.

Dungeon Overview and Level Annotations

Branches:
Dungeon (11/15)               Orc (0/2) D:10
 Temple: D:4-7         Lair: D:8-11

Altars:
Cheibriados
Dithmenos
Gozag
Kikubaaqudgha
Makhleb
Nemelex Xobeh
Trog
Vehumet
Xom

Shops:
D:6 ?

Annotations:
D:11 Psyche


Innate Abilities, Weirdness & Mutations

You reflexively headbutt those who attack you in melee.
You have a pair of horns on your head.


Message History

You slice the orc wizard!!
You kill the orc wizard!
Trog accepts your kill.
Trog appreciates your killing of a magic user.
You hit the orc but do no damage. The orc hits you but does no damage.
The orc closely misses you.
You closely miss the orc. You headbutt the orc.
The orc is moderately wounded.
The orc closely misses you. You furiously retaliate!
You headbutt the orc!
You kill the orc!
Trog accepts your kill.
A shadow imp comes into view.
It was a potion of resistance.
You feel protected.
The shadow imp shouts, "Escape, thou foppish shard-borne canker-blossom!"
The bullfrog hits you but does no damage.
The troll bites you but does no damage. The troll claws you!
* * * LOW HITPOINT WARNING * * *
The troll claws you!
You die...

#
#........).....>..#
#....)#...(.........
#......l..........##
#
##....###.......[..
..
#..[...†..5.......
...#...............
........[..........
.......F)...o......
..#...T@###.......
........# ....#.
......... ......
.......... ......
..#.....### .
#...... .......
........


You could see a troll, an orc warrior, a bullfrog and a shadow imp.

Vanquished Creatures
  A centaur skeleton (D:10)
  A gargoyle (D:10)
  4 yaks (D:10)
  A hungry ghost (D:11)
  2 ice beasts (D:6)
  2 black bears (D:10)
  4 orc warriors
  2 sky beasts
  An ogre (D:6)
  6 centaurs
  2 big kobolds
  5 bullfrogs
  A scorpion (D:7)
  6 howler monkeys
  A crimson imp (D:5)
  2 centaur zombies
  A bullfrog zombie (D:5)
  3 jellies (D:8)
  7 orc wizards
  2 bullfrog skeletons (D:5)
  3 orc priests
  6 hounds
  2 iguanas
  13 worker ants
  A killer bee zombie (D:9)
  9 adders
  6 oozes
  An adder skeleton (D:6)
  A worm (D:5)
  4 leopard geckos
  27 orcs
  12 giant cockroaches
  6 goblins
  9 hobgoblins
  4 jackals (D:6)
  15 kobolds
  4 quokkas
  7 bats
  4 frilled lizards
  A leopard gecko skeleton (D:9)
  A quokka skeleton (D:5)
  3 rats
193 creatures vanquished.

Vanquished Creatures (others)
  A bush (D:5)
1 creature vanquished.

Grand Total: 194 creatures vanquished

Notes
Turn   | Place    | Note
-------+----------+-------------------------------------------
     0 | D:1      | teukkam the Minotaur Berserker began the quest for the Orb.
     0 | D:1      | Reached XP level 1. HP: 19/19 MP: 0/0
   114 | D:1      | Reached XP level 2. HP: 27/27 MP: 1/1
   343 | D:2      | Reached ** piety under Trog
   441 | D:2      | Reached XP level 3. HP: 33/33 MP: 2/2
   642 | D:2      | Found a bloodstained altar of Trog.
   791 | D:2      | Found a bloodstained altar of Trog.
   795 | D:2      | Found a faded altar of an unknown god.
  1066 | D:3      | Reached XP level 4. HP: 40/40 MP: 3/3
  1698 | D:4      | Reached skill level 1 in Throwing
  1765 | D:4      | Reached XP level 5. HP: 37/47 MP: 4/4
  1819 | D:4      | Found a radiant altar of Vehumet.
  1867 | D:4      | Reached *** piety under Trog
  1873 | D:4      | Reached skill level 5 in Fighting
  1873 | D:4      | Reached skill level 5 in Axes
  1873 | D:4      | Reached XP level 6. HP: 45/56 MP: 5/5
  2058 | D:4      | Found a burning altar of Makhleb.
  2061 | D:4      | Found a shadowy altar of Dithmenos.
  2062 | D:4      | Found an ancient bone altar of Kikubaaqudgha.
  2064 | D:4      | Found a shimmering altar of Xom.
  2279 | D:4      | Found a sparkling altar of Nemelex Xobeh.
  2331 | D:5      | Entered Level 5 of the Dungeon
  2401 | D:5      | Reached XP level 7. HP: 61/61 MP: 6/6
  2618 | D:5      | Reached skill level 5 in Armour
  2718 | D:5      | Reached skill level 1 in Bows
  2885 | D:5      | Found a snail-covered altar of Cheibriados.
  3112 | D:6      | Reached skill level 5 in Dodging
  3112 | D:6      | Reached XP level 8. HP: 70/70 MP: 7/7
  3161 | D:6      | Found an opulent altar of Gozag.
  3194 | D:6      | Found Jirodot's Magic Scroll Shop.
  3233 | D:6      | Reached **** piety under Trog
  5230 | D:8      | Reached XP level 9. HP: 50/79 MP: 8/8
  6612 | D:10     | Entered Level 10 of the Dungeon
  6632 | D:10     | Found a staircase to the Orcish Mines.
  6764 | D:10     | Reached skill level 5 in Bows
  6978 | D:10     | Reached XP level 10. HP: 68/89 MP: 9/9
  7058 | D:10     | Noticed a gargoyle
  7065 | D:10     | Killed a gargoyle
  7071 | D:10     | Reached ***** piety under Trog
  7419 | D:11     | Paralysed by fainting for 11 turns
  7432 | D:11     | Noticed Psyche
  7448 | D:11     | Slain by a troll

Skill      XL: |  1  2  3  4  5  6  7  8  9 10 |
---------------+-------------------------------+-----
Fighting       | 4 5 6 7 8 |  8.8
Axes           | 4 5 6 7 8 |  8.8
Armour         | 3 4 5 6 7 8 |  8.4
Dodging        | 3 4 5 7 |  7.6
Throwing       | 1 2 3 4 |  4.8
Bows           | 1 3 5 |  5.9

Action                   |  1- 3 |  4- 6 |  7- 9 | 10-12 || total
-------------------------+-------+-------+-------+-------++-------
Melee: Hand axe          |    84 |    98 |   209 |       ||   391
       Headbutt          |    12 |    20 |    64 |     7 ||   103
       Battleaxe         |       |       |    45 |    28 ||    73
       Morningstar       |       |       |     1 |       ||     1
 Fire: Shortbow          |       |       |    43 |       ||    43
Throw: Javelin           |     3 |    35 |     8 |       ||    46
Invok: Berserk           |       |       |    10 |     1 ||    11
Evoke: Wand              |       |       |     1 |       ||     1
  Use: Potion            |       |       |     2 |     4 ||     6
       Scroll            |       |       |     1 |     5 ||     6
  Eat: Chunk             |     1 |     4 |    11 |     1 ||    17
       Ration            |       |       |     4 |       ||     4
Armor: Ring mail         |    25 |    27 |    55 |       ||   107
       Chain mail        |       |       |    46 |    49 ||    95
       Scale mail        |       |       |     3 |       ||     3
Dodge: Dodged            |    56 |    62 |   160 |    28 ||   306
